 Dungeon Crawl Stone Soup version 0.31-a0-1570-g93c622d222 (webtiles) character file.

Game seed: 3355853504849321301

550488 Laraso the Hill Orc Barricade (level 26, 0/248 HPs)
             Began as a Hill Orc Fighter on Jan 3, 2024.
             Was the Champion of Beogh.
             Killed from afar by an orb of fire (13 damage)
             ... with a bolt of fire
             ... while paralysed by a dread lich
             ... on level 4 of the Realm of Zot.
             The game lasted 01:47:28 (49520 turns).

Laraso the Hill Orc Barricade (Hill Orc Fighter)   Turns: 49520, Time: 01:47:29

Health: 0/248      AC: 39    Str: 21    XL:     26   Next: 29%
Magic:  34/34      EV:  2    Int:  8    God:    Beogh [******]
Gold:   3556       SH:  0    Dex: 14    Spells: 25/25 levels left

rFire   + + .        a - +6 broad axe (distort)
rCold   + . .        s - +1 tower shield {reflect}
rNeg    + . .        y - +6 gold dragon scales
rPois   +            (helmet restricted)
rElec   +            b - +2 cloak {Will+}
rCorr   +            I - +1 pair of gloves
SInv    .            R - +2 pair of slick slippers {slick, slippery, EV+4}
Will    ++...        p - amulet of regeneration Stlth
                     V - ring of protection from fire
HPRegen 1.41/turn    A - ring "Humayng" {rElec rN+ rCorr}
MPRegen 0.24/turn

%: reflection
@: paralysed, mighty, hasted, studying Throwing
A: walk on water, horns 1, large bone plates 1, clumsy 2, low MP 1, weak 1,
evolution 2, subdued magic 1
}: 3/15 runes: decaying, serpentine, silver
a: Renounce Religion, Smiting, Recall Orcish Followers, Give Item to Named
Follower, Resurrection


You were on level 4 of the Realm of Zot.
You worshipped Beogh.
Beogh was exalted by your worship.
You visited 8 branches of the dungeon, and saw 44 of its levels.
You visited the Abyss 1 time.
You visited 1 bazaar.
You also visited: Volcano.

You collected 8028 gold pieces.
You spent 4472 gold pieces at shops.

Inventory:

Hand Weapons
 a - a +6 broad axe of distortion (weapon)
Missiles
 Q - 21 throwing nets
Armour
 b - a +2 cloak of willpower (worn)
 i - the +2 helmet "Imuf" {Regen+}
   (You found it on level 2 of the Dungeon)

   Regen+:    It increases your rate of health regeneration.
 s - a +1 tower shield of reflection (worn)
 y - +6 gold dragon scales (worn)
 D - the +18 shield of the Gong {Loud rN+ Will+ rCorr EV-5}
   (You found it on level 2 of the Depths)

   Loud:      It is deafeningly noisy when blocking attacks.
   EV-5:      It affects your evasion (-5).
   rN+:       It protects you from negative energy.
   Will+:     It increases your willpower.
   rCorr:     It protects you from acid and corrosion.
 I - a +1 pair of gloves (worn)
 R - the +2 pair of slick slippers (worn) {slick, slippery, EV+4}
   (You found it on level 12 of the Dungeon)

   Slick:     Its wearer cannot be constricted, engulfed, netted or webbed.
   Slippery:  Its wearer slips away from damaging melee attacks, pulling the
   attacker onward.
   EV+4:      It affects your evasion (+4).
 X - a +0 pair of boots
Jewellery
 g - an amulet of faith
 p - an amulet of regeneration (around neck)
 A - the ring "Humayng" (right hand) {rElec rN+ rCorr}
   (You bought it in a shop in a bazaar)

   [ring of positive energy]

   rElec:     It insulates you from electricity.
   rN+:       It protects you from negative energy.
   rCorr:     It protects you from acid and corrosion.
 J - an amulet of reflection
 L - a ring of willpower
 M - a +6 ring of dexterity
 O - a ring of protection from cold
 S - a ring of see invisible
 V - a ring of protection from fire (left hand)
Wands
 l - a wand of polymorph (9)
 n - a wand of roots (59)
 t - a wand of flame (96)
 C - a wand of mindburst (34)
 P - a wand of paralysis (33)
 T - a wand of quicksilver (19)
 U - a wand of digging (9)
Scrolls
 e - 3 scrolls of torment
 f - 25 scrolls of teleportation
 h - 6 scrolls of butterflies
 j - 6 scrolls of poison
 o - 10 scrolls of fog
 u - 6 scrolls of fear
 v - 8 scrolls of immolation
 x - 16 scrolls of vulnerability
 E - a scroll of revelation
 K - 2 scrolls of silence
Potions
 c - 10 potions of heal wounds
 d - 6 potions of brilliance
 k - a potion of ambrosia
 m - 5 potions of might
 q - a potion of lignification
 r - 7 potions of attraction
 w - 23 potions of curing
 z - 10 potions of enlightenment
 F - 5 potions of mutation
 G - 4 potions of invisibility
 H - 3 potions of haste
 W - 4 potions of magic


   Skills:
 * Level 22.7 Fighting
 - Level 18.0 Axes
 - Level 22.0 Armour
 - Level 16.0 Dodging
 O Level 27 Shields
 - Level 22.0 Invocations


You had 25 spell levels left.
You didn't know any spells.
Your spell library contained the following spells:

 Spells                   Type           Power      Damage    Failure   Level
 Foxfire                  Conj/Fire      0%         2x1d4     100%        1
 Kiss of Death            Conj/Necr      0%         2d5       100%        1
 Sandblast                Erth           0%         2d4       100%        1
 Slow                     Hex            0%         N/A       100%        1
 Summon Small Mammal      Summ           0%         N/A       100%        1
 Ensorcelled Hibernation  Hex/Ice        0%         N/A       100%        2
 Jinxbite                 Hex            0%         N/A       100%        2
 Lesser Beckoning         Tloc           0%         N/A       100%        2
 Mercury Vapours          Alch/Air       0%         N/A       100%        2
 Scorch                   Fire           0%         2d5       100%        2
 Static Discharge         Conj/Air       0%         3-3/arc   100%        2
 Call Canine Familiar     Summ           0%         N/A       100%        3
 Confusing Touch          Hex            0%         N/A       100%        3
 Dazzling Flash           Conj/Hex       0%         N/A       100%        3
 Fugue of the Fallen      Necr           0%         N/A       100%        3
 Gell's Gravitas          Tloc           0%         N/A       100%        3
 Inner Flame              Hex/Fire       0%         N/A       100%        3
 Mephitic Cloud           Conj/Alch/Air  0%         N/A       100%        3
 Ozocubu's Armour         Ice            0%         N/A       100%        3
 Passwall                 Erth           0%         N/A       100%        3
 Sigil of Binding         Hex            0%         N/A       100%        3
 Stone Arrow              Conj/Erth      0%         3d7       100%        3
 Summon Ice Beast         Ice/Summ       0%         N/A       100%        3
 Teleport Other           Tloc           0%         N/A       100%        3
 Tukima's Dance           Hex            0%         N/A       100%        3
 Vampiric Draining        Necr           0%         2d6       100%        3
 Volatile Blastmotes      Fire/Tloc      0%         2d10      100%        3
 Airstrike                Air            0%         2d(0-16)  100%        4
 Anguish                  Hex/Necr       0%         N/A       100%        4
 Animate Dead             Necr           0%         N/A       100%        4
 Brom's Barrelling Bould  Conj/Erth      0%         2d3       100%        4
 Dimensional Bullseye     Hex/Tloc       0%         N/A       100%        4
 Dispel Undead            Necr           0%         3d6       100%        4
 Flame Wave               Conj/Fire      0%         2d4       100%        4
 Fulminant Prism          Conj/Alch      0%         3d5       100%        4
 Iskenderun's Mystic Bla  Conj/Tloc      0%         2d3       100%        4
 Sticky Flame             Fire/Alch      0%         2d4       100%        4
 Summon Blazeheart Golem  Fire/Summ      0%         N/A       100%        4
 Summon Lightning Spire   Summ/Air       0%         N/A       100%        4
 Freezing Cloud           Conj/Ice/Air   0%         6-21      100%        5
 Iskenderun's Battlesphe  Conj           0%         2d6       100%        5
 Metabolic Englaciation   Hex/Ice        0%         N/A       100%        5
 Summon Forest            Summ/Tloc      0%         N/A       100%        5
 Summon Mana Viper        Hex/Summ       0%         N/A       100%        5
 Yara's Violent Unravell  Hex/Alch       0%         3d3       100%        5
 Bombard                  Conj/Erth      0%         9d1       100%        6
 Plasma Beam              Fire/Air       0%         2x1d10    100%        6
 Sculpt Simulacrum        Ice/Alch       0%         N/A       100%        6
 Starburst                Conj/Fire      0%         6d3       100%        6
 Summon Cactus Giant      Summ           0%         N/A       100%        6
 Enfeeble                 Hex            0%         N/A       100%        7
 Haunt                    Necr/Summ      0%         N/A       100%        7
 Monstrous Menagerie      Summ           0%         N/A       100%        7
 Spellforged Servitor     Conj/Summ      0%         N/A       100%        7
 Infestation              Necr           0%         N/A       100%        8
 Maxwell's Capacitive Co  Air            0%         ∞         100%        8


Dungeon Overview and Level Annotations

Branches:
Dungeon (15/15)            Temple (0/1) D:7            Lair (5/5) D:8
  Swamp (4/4) Lair:2        Snake (4/4) Lair:3        Slime (0/5) Lair:5
    Orc (2/2) D:10            Elf (0/3) Orc:2        Vaults (5/5) D:14
  Crypt (0/3) Vaults:3     Depths (4/4) D:15            Zot (5/5) Depths:4
Volcano (visited)

Altars:
Cheibriados
Dithmenos
Elyvilon
Gozag
Kikubaaqudgha
Makhleb
Okawaru
Sif Muna
Uskayaw
Vehumet
Xom
Jiyva
Lugonu

Shops:
D:6 *   D:8 *   D:10 :   D:11 (   Orc:2 (:*   Snake:1 ::!***   Snake:4 [*
Vaults:1 :   Vaults:3 =   Vaults:5 (??:!=   Depths:1 [

Portals:
Hell: Depths:1 Depths:2 Depths:3 Depths:4
Abyss: Lair:5 Depths:1 Depths:3 Depths:4
Pandemonium: Depths:2
Ziggurat: Depths:3

Annotations:
D:5 1 runed translucent door
Depths:1 2 transporters, Lucarghiu's ghost, veteran GnWn
Depths:3 2 transporters, Lucarghiu's ghost, veteran GnWn
Abyss:1 Azoth's ghost, journeyman DrFi; Frederick; Josephina; Mara


Innate Abilities, Weirdness & Mutations

You can walk on water.
You have a pair of small horns on your head.
You are partially covered in large bone plates. (SH +4)
You are very clumsy. (Dex -4)
Your magical capacity is low. (-10% MP)
You are weak. (Str -2)
You have great hidden genetic potential.
Your spells are a little easier to cast, but a little less powerful.


Message History

Your body is wracked with pain!
The dread lich mumbles some strange words.
The dread lich flickers and vanishes!
Deactivating autopickup; reactivate with Ctrl-A.
The orb of fire glows bright magenta.
The bolt of fire hits you! You resist.
You hear some strange, mumbled words.
Something touches you but does no damage.
Something touches you but does no damage.
The orb of fire emits a lurid red light.
The bolt of fire hits you. You resist.
Something touches you but does no damage.
Something touches you but does no damage.
The Brimstone Fiend calls on the powers of darkness!
Your body is wracked with pain!
* * * LOW HITPOINT WARNING * * *
You can move again.
Blink to where?
Press: ? - help, Dir - move target
As you read the scroll of blinking, it crumbles to dust.
The orb of fire glows yellow.
The bolt of fire hits you! You resist.
* * * LOW HITPOINT WARNING * * *
Blink to where?
Press: ? - help, Dir - move target
As you read the scroll of blinking, it crumbles to dust.
You suddenly lose the ability to move!
Something tries to affect you, but you resist.
The orb of fire emits a lurid red light.
The bolt of fire hits you!! You resist.
* * * LOW HITPOINT WARNING * * *
The orb of fire emits a lurid red light.
The fireball explodes!
The fireball engulfs you!! You resist.
* * * LOW HITPOINT WARNING * * *
The orb of fire glows deep purple.
Strange energies course through your body.
You feel less energetic.
The orb of fire glows deep purple.
The bolt of fire hits you! You resist.
You die...

#....###.⌠.....# #.
###......##..<...# #.
#........###.....## #.
#....1.§.# ##.....###### #.
#......#######.........########.
#.......#...###.................
####..§....?# ##................
##.......#####...............
###.....*....@................
#.......*.....................
#(.............###........###.
#....##...........#.......###.
##...###..........##......#...
########.........###.....#...
#.............###........
#..............###.....#.
#...............###......


You could see 2 orbs of fire.

Vanquished Creatures
  A dread lich (Vaults:4)
  4 orbs of fire
  Mennas (Vaults:5)
  A juggernaut (Depths:3)
  Xtahua (Depths:3)
  Vashnia (Snake:4)
  Boris (Vaults:5)
  A Killer Klown (Zot:4)
  the Lernaean hydra (Swamp:4)
  2 caustic shrikes (Depths:4)
  A curse toe (Zot:3)
  the Enchantress (Depths:3)
  9 golden dragons
  4 bone dragons
  An electric golem (Zot:4)
  15 tentacled monstrosities
  A walking earthen tome (Depths:3)
  A walking crystal tome (Depths:3)
  4 titans
  8 quicksilver dragons
  4 liches
  8 Orb Guardians (Zot:5)
  7 sphinxes
  8 death cobs
  7 storm dragons
  A tentacled starspawn (Abyss:2)
  7 shadow dragons
  Agnes (D:15)
  5 tengu reavers
  6 nagarajas
  3 protean progenitors
  8 draconian monks
  8 fire giants
  3 draconian shifters
  4 draconian knights
  11 vault wardens
  A draconian scorcher (Depths:4)
  7 frost giants
  An iron dragon (Vaults:5)
  A ghost moth (Zot:3)
  2 orc warlords
  2 draconian annihilators
  12 ironbound preservers
  A draconian stormcaller (Zot:3)
  A reaper (Depths:2)
  18 very ugly things
  A formless jellyfish (Vaults:1)
  13 stone giants
  5 spriggan defenders
  7 ironbound thunderhulks
  A juggernaut skeleton (Depths:2)
  2 deep elf demonologists (Vaults:5)
  3 vampire knights
  Nessos (D:15)
  2 black draconians
  11 green draconians
  4 eleionomae
  4 yellow draconians
  5 dire elephants
  A deep elf annihilator (Vaults:5)
  7 spark wasps
  2 white draconians
  4 war gargoyles
  A bunyip (Swamp:4)
  13 red draconians
  12 purple draconians
  4 crystal guardians
  16 fire dragons
  An eidolon (Vaults:3)
  6 ettins
  3 jiangshi (Abyss:2)
  4 deep elf high priests (Vaults:5)
  3 great orbs of eyes
  10 yaktaur captains
  2 entropy weavers
  5 salamander tyrants
  A sphinx zombie (Depths:2)
  3 rakshasas
  9 hydras
  19 vault guards
  8 ice dragons
  2 ghost crabs
  A catoblepas (D:15)
  2 spriggan air magi
  A caustic shrike simulacrum (Depths:3)
  4 peacekeepers
  9 ironbound frosthearts
  6 alligators
  8 centaur warriors
  An ogre mage (Vaults:5)
  5 boulder beetles
  6 anacondas
  A two-headed ogre (shapeshifter) (Depths:2)
  A titan zombie (Depths:3)
  10 deep troll earth magi
  10 naga warriors
  7 two-headed ogres
  3 death yaks
  5 deep troll shamans
  An occultist (D:15)
  3 tengu warriors
  2 thrashing horrors (Lair:5)
  11 naga sharpshooters
  2 vampire magi
  7 hell knights
  3 spriggan berserkers (Depths:2)
  2 sun demons
  Nergalle (D:11)
  2 skysharks (D:12)
  3 fire crabs (D:15)
  A skyshark (shapeshifter) (Vaults:5)
  5 iron trolls
  A sea snake (shapeshifter) (Depths:4)
  A quicksilver dragon simulacrum (Zot:3)
  49 deep trolls
  A deep troll (shapeshifter) (Depths:3)
  A golden dragon zombie (Depths:3)
  A sixfirhy (D:15)
  A sea snake (Snake:1)
  3 goliath frogs (Swamp:1)
  4 bog bodies
  11 mana vipers
  A spriggan druid (Swamp:4)
  6 naga ritualists
  2 orc knights
  2 flayed ghosts
  8 arcanists
  6 lindwurms
  An obsidian statue (Snake:1)
  An orange crystal statue (Vaults:4)
  A mana viper (shapeshifter) (Vaults:5)
  3 phantasmal warriors (Vaults:5)
  16 ironbound convokers
  11 swamp dragons
  6 starcursed masses (Abyss:2)
  2 deep elf pyromancers (D:15)
  8 necromancers
  4 harpies (Vaults:1)
  An oklob plant (Lair:3)
  21 ugly things
  2 wolf spiders (Zot:5)
  2 orc sorcerers (Orc:2)
  A frost giant zombie (Depths:2)
  25 moths of wrath
  A cyclops (shapeshifter) (Depths:3)
  4 large abominations
  A faun (shapeshifter) (Depths:3)
  A cyclops (D:14)
  3 salamanders
  A worldbinder (Abyss:2)
  18 elephants (Lair:5)
  2 meliai (shapeshifter)
  A kobold blastminer (Orc:2)
  11 vault sentinels
  35 black mambas
  12 guardian serpents
  8 naga magi
  A rust devil (D:15)
  3 smoke demons
  8 gargoyles
  An elf zombie (Vaults:3)
  8 cane toads
  A yaktaur zombie (Vaults:3)
  3 kobold demonologists (D:11)
  2 tengu conjurers (Depths:3)
  8 yaktaurs
  An unseen horror (D:13)
  3 rime drakes (D:15)
  3 efreet
  6 komodo dragons
  A red devil (Volcano)
  3 trolls
  3 merfolk (D:12)
  3 polar bears
  2 tyrant leeches
  A wolf spider simulacrum (D:15)
  A queen bee (shapeshifter) (D:13)
  A shadow dragon simulacrum (Depths:1)
  3 hornets
  12 blink frogs
  A merfolk (shapeshifter) (Depths:4)
  A fire giant simulacrum (Depths:2)
  3 raiju
  A dream sheep (shapeshifter) (Depths:4)
  14 slime creatures
  A vampire (D:10)
  3 shadows
  2 air elementals (D:15)
  6 spriggans
  A yak (shapeshifter) (Vaults:5)
  4 wyverns
  A human (shapeshifter) (Lair:5)
  3 fire bats (Orc:2)
  Eustachio (D:4)
  5 water elementals
  43 yaks
  7 wraiths
  13 fire elementals
  A redback (Vaults:2)
  11 basilisks
  2 chaos spawn
  7 humans (D:14)
  10 vampire mosquitoes
  A red draconian simulacrum (Zot:3)
  3 steam dragons
  An elf simulacrum (Vaults:4)
  8 swamp worms
  24 nagas
  2 acid dragons (D:11)
  3 hell hounds (Volcano)
  13 water moccasins
  6 swamp drakes
  A meliai simulacrum (D:15)
  2 black bears
  An ice beast (D:8)
  5 orc warriors
  A sky beast (shapeshifter) (D:14)
  A human zombie (Vaults:3)
  11 wolves
  4 boggarts
  8 centaurs
  A spriggan simulacrum (Depths:1)
  3 phantoms
  13 ogres
  Blork the orc (D:5)
  3 kobold brigands
  10 bullfrogs
  A gnoll sergeant (D:8)
  7 scorpions
  10 small abominations
  A human skeleton (Vaults:4)
  6 wights (D:7)
  A glowing shapeshifter simulacrum (Vaults:4)
  19 killer bees
  2 howler monkeys
  An electric eel (Snake:1)
  A bombardier beetle (D:4)
  5 jellies
  3 gnoll boudas
  3 hounds
  5 orc priests
  A sleepcap (D:7)
  6 iguanas
  17 orc wizards
  7 adders
  21 gnolls
  2 shadow imps
  3 white imps
  2 ufetubi (D:6)
  2 ribbon worms
  3 dart slugs
  41 orcs
  5 ball pythons
  6 endoplasms
  8 giant cockroaches
  9 goblins
  4 hobgoblins
  4 jackals (D:1)
  4 quokkas
  6 bats
  9 kobolds
  3 rats
  2 starspawn tentacles (Abyss:2)
1390 creatures vanquished.

Vanquished Creatures (collateral kills)
  A thorn hunter (Swamp:4)
  A protean progenitor (Zot:5)
  A fire giant (Depths:2)
  A deep elf sorcerer (Vaults:5)
  A frost giant (Vaults:4)
  3 ironbound thunderhulks
  2 ironbound preservers (Vaults:1)
  A spriggan defender (Depths:2)
  The ghost of Phlounder the Grappler, a journeyman DrSh of Gozag (Orc:2)
  An eleionoma (Swamp:2)
  A dire elephant (Vaults:1)
  2 bunyips
  2 crystal guardians
  5 vault guards
  A spriggan air mage (Depths:3)
  4 hydras
  2 ghost crabs
  3 ogre magi (Orc:2)
  3 alligators
  A boulder beetle (Zot:5)
  6 two-headed ogres (Orc:2)
  An orc high priest (Orc:1)
  2 hell knights (Volcano)
  A skyshark (D:12)
  2 spriggans
  3 goliath frogs
  2 arcanists (D:14)
  A bog body (Swamp:1)
  3 ironbound convokers
  2 lindwurms
  A swamp dragon (Swamp:2)
  2 orc knights
  A harpy (Vaults:1)
  2 ugly things
  A manticore (D:13)
  A salamander (D:15)
  A will-o-the-wisp (Swamp:3)
  A kobold blastminer (Orc:2)
  A moth of wrath (Zot:5)
  A black mamba (Snake:3)
  2 vault sentinels
  A naga mage (Snake:3)
  A gargoyle (D:13)
  A smoke demon (Volcano)
  A yaktaur (Vaults:3)
  3 red devils (Volcano)
  2 merfolk (D:12)
  3 trolls
  3 tyrant leeches
  3 hornets
  A raiju (shapeshifter) (D:15)
  3 slime creatures
  A water elemental (D:12)
  A fire elemental (Zot:1)
  8 humans (D:14)
  A basilisk (D:12)
  3 wargs
  4 vampire mosquitoes
  3 nagas
  6 swamp worms
  10 ogres
  5 orc warriors
  A swamp drake (Swamp:4)
  2 orc priests (Orc:2)
  2 orc wizards (Orc:2)
  9 orcs
152 creatures vanquished.

Vanquished Creatures (others)
  A draconian shifter (Depths:4)
  4 orc warlords
  A deep elf demonologist (Vaults:5)
  A yellow draconian (Zot:5)
  A red draconian (Zot:3)
  A vault guard (Vaults:4)
  An orc high priest (Vaults:4)
  A shock serpent (Snake:2)
  An arcanist (D:15)
  17 orc knights
  3 orc sorcerers
  A rime drake (D:15)
  2 tengu conjurers
  A basilisk (D:15)
  A moth of wrath simulacrum (Zot:3)
  A meliai simulacrum (D:15)
  21 orc warriors
  32 orc priests
  17 orc wizards
  61 orcs
  2 foxfires (Swamp:3)
  2 starspawn tentacles (Abyss:2)
173 creatures vanquished.

Grand Total: 1715 creatures vanquished

Notes
Turn   | Place    | Note
-------+----------+-------------------------------------------
     0 | D:1      | Laraso the Hill Orc Fighter began the quest for the Orb.
     0 | D:1      | Reached XP level 1. HP: 19/19 MP: 1/1
    56 | D:1      | Reached XP level 2. HP: 26/26 MP: 2/2
   543 | D:2      | Reached XP level 3. HP: 31/31 MP: 3/3
   635 | D:2      | Reached skill level 5 in Axes
  1003 | D:2      | Reached XP level 4. HP: 39/39 MP: 4/4
  1174 | D:2      | Identified the +2 helmet "Imuf" {Regen+}
  1634 | D:3      | Reached XP level 5. HP: 45/45 MP: 5/5
  1932 | D:4      | Noticed a phantom
  1942 | D:4      | Killed a phantom
  2000 | D:4      | Reached XP level 6. HP: 48/51 MP: 6/6
  2325 | D:4      | Noticed Eustachio
  2360 | D:4      | Killed Eustachio
  2361 | D:4      | Reached skill level 10 in Axes
  2361 | D:4      | Reached XP level 7. HP: 55/57 MP: 7/7
  2878 | D:5      | Entered Level 5 of the Dungeon
  2934 | D:5      | Found a runed translucent door.
  2940 | D:5      | Found a runed translucent door.
  3025 | D:5      | Reached XP level 8. HP: 40/64 MP: 8/8
  3099 | D:5      | Noticed Blork the orc
  3106 | D:5      | Killed Blork the orc
  3828 | D:6      | Identified the +6 scale mail of the Usurping Gods {Int-3
                  | Dex+4}
  4340 | D:6      | Found a hide-covered altar of Uskayaw.
  4704 | D:6      | Found Toepn's General Store.
  4708 | D:6      | Bought a potion of heal wounds for 55 gold pieces
  4708 | D:6      | Bought a scroll of poison for 44 gold pieces
  4965 | D:6      | Bought a +6 ring of dexterity for 396 gold pieces
  5013 | D:7      | Found a burning altar of Makhleb.
  5172 | D:7      | Reached XP level 9. HP: 70/70 MP: 9/9
  5232 | D:7      | Reached skill level 15 in Axes
  5267 | D:7      | Found a white marble altar of Elyvilon.
  5514 | D:7      | Reached skill level 1 in Dodging
  5617 | D:7      | Found a staircase to the Ecumenical Temple.
  5631 | D:7      | Found a radiant altar of Vehumet.
  5631 | D:7      | Found an iron altar of Okawaru.
  6020 | D:8      | Became a worshipper of Beogh the Brigand
  6067 | D:7      | Reached skill level 5 in Armour
  6100 | D:8      | Noticed Maurice
  6112 | D:7      | Reached XP level 10. HP: 75/77 MP: 10/10
  6160 | D:8      | Found Ea-nāṣir's Fine Metal Goods.
  6235 | D:8      | Found a staircase to the Lair.
  6383 | D:8      | Reached * piety under Beogh
  6525 | D:8      | Maurice changed into Maurice the steam dragon
  6525 | D:8      | Noticed Maurice
  6533 | D:8      | Killed Maurice the steam dragon
  6564 | D:8      | Found a shadowy altar of Dithmenos.
  6679 | D:8      | Identified a scroll of acquirement
  6690 | D:8      | Reached skill level 5 in Dodging
  6690 | D:8      | Acquired a +2 broad axe of distortion
  6824 | D:9      | Found a shimmering altar of Xom.
  6833 | D:9      | Found a shimmering blue altar of Sif Muna.
  6875 | D:9      | Noticed a two-headed ogre
  6888 | D:9      | Banished a two-headed ogre
  7112 | D:9      | Noticed a two-headed ogre
  7135 | D:9      | Killed a two-headed ogre
  7138 | D:9      | Reached XP level 11. HP: 65/82 MP: 11/11
  7551 | D:10     | Entered Level 10 of the Dungeon
  7735 | D:10     | Noticed a two-headed ogre
  7744 | D:10     | Killed a two-headed ogre
  7744 | D:10     | Reached ** piety under Beogh
  7797 | D:10     | Found a snail-covered altar of Cheibriados.
  7897 | D:10     | Reached skill level 10 in Armour
  7909 | D:10     | Found a staircase to the Orcish Mines.
  7973 | D:10     | Found an ancient bone altar of Kikubaaqudgha.
  8035 | D:10     | Found Pipimyx's Book Boutique.
  9269 | D:11     | Found Nosmoth's Weapon Shop.
  9269 | D:11     | Noticed a purple ugly thing
  9279 | D:11     | Banished a purple ugly thing
  9292 | D:11     | Noticed a sixfirhy
  9306 | D:11     | Noticed a sixfirhy
  9517 | D:11     | Noticed a sixfirhy
  9532 | D:11     | Reached *** piety under Beogh
  9550 | D:11     | Reached XP level 12. HP: 90/90 MP: 12/12
  9572 | D:11     | Noticed Nergalle
  9581 | D:11     | Killed Nergalle
 10050 | Lair:1   | Entered Level 1 of the Lair of Beasts
 10623 | Lair:1   | Noticed a boulder beetle
 10644 | Lair:1   | Banished a boulder beetle
 10645 | Lair:1   | Reached skill level 10 in Dodging
 10929 | Lair:2   | Reached skill level 5 in Invocations
 10943 | Lair:2   | Reached **** piety under Beogh
 11110 | Lair:2   | Found a staircase to the Swamp.
 11128 | Lair:2   | You fall into a shaft and drop 2 floors!
 11285 | Lair:2   | Reached XP level 13. HP: 95/95 MP: 20/20
 11291 | Lair:2   | Reached skill level 10 in Invocations
 11912 | Lair:3   | Found a white marble altar of Elyvilon.
 12147 | Lair:3   | Found a staircase to the Snake Pit.
 12765 | Lair:4   | Reached skill level 4 in Shields
 12823 | Lair:4   | Reached skill level 5 in Fighting
 12996 | Lair:4   | Reached skill level 5 in Shields
 13412 | Lair:5   | Entered Level 5 of the Lair of Beasts
 13424 | Lair:5   | Reached skill level 6 in Shields
 13454 | Lair:5   | Found a viscous altar of Jiyva.
 13525 | Lair:5   | Reached skill level 7 in Shields
 13636 | Lair:5   | Found a staircase to the Slime Pits.
 13754 | Lair:5   | Reached XP level 14. HP: 106/116 MP: 23/23
 13758 | Lair:5   | Reached skill level 8 in Shields
 13859 | Lair:5   | Reached skill level 9 in Shields
 13911 | Lair:5   | Reached skill level 10 in Fighting
 14376 | Lair:5   | Reached skill level 10 in Shields
 14598 | Lair:5   | Found a corrupted altar of Lugonu.
 14598 | Lair:5   | Found a one-way gate to the infinite horrors of the Abyss.
 15141 | D:12     | Found the +2 pair of slick slippers {slick, slippery, EV+4}
 15230 | D:12     | Gained Thorok as an ally
 15509 | D:12     | Found a runed translucent door.
 15571 | D:12     | Reached ***** piety under Beogh
 16487 | D:13     | Reached XP level 15. HP: 134/138 MP: 24/24
 17931 | D:14     | Reached skill level 15 in Fighting
 17940 | D:14     | Identified the +1 ring mail of the Original Sin {Harm
                  | Str+3}
 17979 | D:14     | Found a gate to the Vaults.
 18270 | D:15     | Entered Level 15 of the Dungeon
 18462 | D:15     | Noticed Agnes
 18495 | D:15     | Killed Agnes
 18543 | D:15     | Found a staircase to the Depths.
 18552 | D:15     | Noticed a frost giant
 18623 | D:14     | Killed a frost giant
 18795 | Abyss:2  | Cast into level 2 of the Abyss (an occultist)
 18850 | Abyss:2  | Noticed a bone dragon
 18869 | Abyss:2  | Noticed a tentacled starspawn
 18878 | Abyss:2  | Killed a tentacled starspawn
 18880 | Abyss:2  | Killed a bone dragon
 19094 | D:15     | Escaped the Abyss
 19104 | D:15     | Reached XP level 16. HP: 159/159 MP: 25/25
 19128 | D:15     | Identified the staff "Ofy Ahig" {rF+ Str-5 Int+3 Stlth+
                  | Fire}
 19218 | D:15     | Paralysed by an air elemental for 1 turns
 19255 | D:15     | Reached ****** piety under Beogh
 19635 | D:15     | Noticed Nessos
 19653 | D:15     | Killed Nessos
 19954 | Orc:1    | Entered Level 1 of the Orcish Mines
 20000 | Orc:1    | Gained Agrik as an ally
 20183 | Orc:2    | Entered Level 2 of the Orcish Mines
 20187 | Orc:2    | Your ally Agrik died
 20208 | Orc:2    | Gained Wardok as an ally
 20280 | Orc:2    | Found a dark tunnel.
 20293 | Volcano  | Entered a volcano
 20314 | Volcano  | Found a large runed translucent door.
 20348 | Volcano  | Found a large runed translucent door.
 20348 | Volcano  | Found a large runed translucent door.
 20366 | Volcano  | Found a large runed translucent door.
 20366 | Volcano  | Found a large runed translucent door.
 20368 | Volcano  | Found a large runed translucent door.
 20368 | Volcano  | Found a large runed translucent door.
 20368 | Volcano  | Found a large runed translucent door.
 20421 | Volcano  | Found a large runed translucent door.
 20454 | Volcano  | Found a large runed translucent door.
 20454 | Volcano  | Found a large runed translucent door.
 20487 | Volcano  | Found a large runed translucent door.
 20499 | Volcano  | Found a large runed translucent door.
 20511 | Volcano  | Found a large runed translucent door.
 20511 | Volcano  | Found a large runed translucent door.
 20545 | Volcano  | Found a large runed translucent door.
 20584 | Volcano  | Found a large runed translucent door.
 20584 | Volcano  | Found a large runed translucent door.
 20729 | Orc:2    | Found a runed translucent door.
 20729 | Orc:2    | Noticed Phlounder's ghost (journeyman DrSh)
 20744 | Orc:2    | Found a staircase to the Elven Halls.
 20779 | Orc:2    | Killed Phlounder's ghost
 20954 | Orc:2    | Gained Brunolf as an ally
 20984 | Orc:2    | Paralysed by something for 4 turns
 21005 | Orc:2    | Found Gemaj's Book Shop.
 21013 | Orc:2    | Reached skill level 15 in Invocations
 21016 | Orc:2    | Found Quil's General Store.
 21016 | Orc:2    | Found Zicepi's Weapon Shop.
 21016 | Orc:2    | Found Gimer's Antique Armour Emporium.
 21039 | Orc:2    | Bought a scroll of identify for 32 gold pieces
 21039 | Orc:2    | Bought a scroll of enchant weapon for 120 gold pieces
 21264 | Swamp:1  | Entered Level 1 of the Swamp
 21497 | Swamp:1  | Gained Spirok as an ally
 22148 | Swamp:2  | Your ally Spirok died
 22187 | Swamp:2  | Reached XP level 17. HP: 141/170 MP: 29/29
 22193 | Swamp:2  | Your ally Brunolf died
 23269 | Swamp:3  | Noticed a tentacled monstrosity
 23281 | Swamp:3  | Killed a tentacled monstrosity
 23463 | Swamp:3  | Gained mutation: You occasionally shout uncontrollably at
                  | your foes. [potion of mutation]
 23463 | Swamp:3  | Gained mutation: You expend magic power (3 MP) to
                  | strengthen your wands. [potion of mutation]
 23464 | Swamp:3  | Lost mutation: You occasionally shout uncontrollably at
                  | your foes. [potion of mutation]
 23464 | Swamp:3  | Lost mutation: You expend magic power (3 MP) to strengthen
                  | your wands. [potion of mutation]
 23464 | Swamp:3  | Gained mutation: Your spells are a little harder to cast,
                  | but a little more powerful. [potion of mutation]
 23464 | Swamp:3  | Gained mutation: You have large cloven feet. [potion of
                  | mutation]
 23465 | Swamp:3  | Lost mutation: Your spells are a little harder to cast, but
                  | a little more powerful. [potion of mutation]
 23465 | Swamp:3  | Lost mutation: You have large cloven feet. [potion of
                  | mutation]
 23465 | Swamp:3  | Gained mutation: You are occasionally teleported next to
                  | monsters. [potion of mutation]
 23465 | Swamp:3  | Gained mutation: You have sharp fingernails. [potion of
                  | mutation]
 23466 | Swamp:3  | Lost mutation: You are occasionally teleported next to
                  | monsters. [potion of mutation]
 23466 | Swamp:3  | Lost mutation: You have sharp fingernails. [potion of
                  | mutation]
 23466 | Swamp:3  | Gained mutation: You have a pair of small horns on your
                  | head. [potion of mutation]
 23466 | Swamp:3  | Gained mutation: You have a pair of horns on your head.
                  | [potion of mutation]
 23466 | Swamp:3  | Gained mutation: Your body sometimes deteriorates upon
                  | taking damage. [potion of mutation]
 23466 | Swamp:3  | Gained mutation: You have supernaturally acute eyesight.
                  | (SInv) [potion of mutation]
 23467 | Swamp:3  | Lost mutation: You have supernaturally acute eyesight.
                  | (SInv) [potion of mutation]
 23467 | Swamp:3  | Lost mutation: You have a pair of horns on your head.
                  | [potion of mutation]
 23467 | Swamp:3  | Lost mutation: You have a pair of small horns on your head.
                  | [potion of mutation]
 23467 | Swamp:3  | Gained mutation: Your mind is acute. (Int +4, Str/Dex -1)
                  | [potion of mutation]
 23467 | Swamp:3  | Lost mutation: Your mind is acute. (Int +4, Str/Dex -1)
                  | [potion of mutation]
 23468 | Swamp:3  | Lost mutation: Your body sometimes deteriorates upon taking
                  | damage. [potion of mutation]
 23468 | Swamp:3  | Gained mutation: You expend magic power (3 MP) to
                  | strengthen your wands. [potion of mutation]
 23468 | Swamp:3  | Gained mutation: You are covered in fur. (AC +1) [potion of
                  | mutation]
 23468 | Swamp:3  | Lost mutation: You are covered in fur. (AC +1) [potion of
                  | mutation]
 23468 | Swamp:3  | Gained mutation: You are strong-willed. (Will+) [potion of
                  | mutation]
 23612 | Swamp:4  | Entered Level 4 of the Swamp
 23835 | Swamp:4  | Your ally Brunolf died
 24184 | Swamp:4  | Noticed the 27-headed Lernaean hydra
 24194 | Swamp:4  | Killed the 27-headed Lernaean hydra
 24457 | Swamp:4  | Got a decaying rune of Zot
 24997 | Snake:1  | Entered Level 1 of the Snake Pit
 25522 | Snake:1  | Found Hausu's General Store.
 25529 | Snake:1  | Found a runed translucent gate.
 25529 | Snake:1  | Found a runed translucent gate.
 25529 | Snake:1  | Found a runed translucent gate.
 25530 | Snake:1  | Noticed Azoth's ghost (journeyman DrFi)
 25563 | Snake:1  | Found Ocveubemp's Distillery.
 25564 | Snake:1  | Found Jeasto's Book Shop.
 25569 | Snake:1  | Bought a potion of cancellation for 128 gold pieces
 25569 | Snake:1  | Found Wumugaes's Book Shop.
 25578 | Snake:1  | Bought a scroll of revelation for 135 gold pieces
 25578 | Snake:1  | Bought a scroll of blinking for 135 gold pieces
 25643 | Snake:1  | Found an opulent altar of Gozag.
 25646 | Snake:1  | Found Rixefo's Assorted Antiques.
 25647 | Snake:1  | Found Coddetat's Assorted Antiques.
 25667 | Snake:1  | Banished Azoth's ghost
 25726 | Snake:1  | Bought a scroll of revelation for 187 gold pieces
 25726 | Snake:1  | Bought a potion of might for 100 gold pieces
 26023 | Snake:2  | Reached XP level 18. HP: 171/178 MP: 30/30
 27178 | Snake:3  | Gained Morbeogh as an ally
 27368 | Snake:3  | Your ally Morbeogh died
 27905 | Snake:4  | Entered Level 4 of the Snake Pit
 28111 | Snake:4  | Found Her Piu's Armour Emporium.
 28116 | Snake:4  | Found Wiqaoga's Assorted Antiques.
 28119 | Snake:4  | Bought +1 gold dragon scales for 1392 gold pieces
 28166 | Snake:4  | Reached skill level 15 in Armour
 29140 | Snake:4  | Gained Orkwin as an ally
 29180 | Snake:4  | Noticed Vashnia
 29218 | Snake:4  | Killed Vashnia
 29252 | Snake:4  | Your ally Orkwin died
 29419 | Snake:4  | Got a serpentine rune of Zot
 29735 | Vaults:1 | Entered Level 1 of the Vaults
 29848 | Vaults:1 | Reached XP level 19. HP: 170/185 MP: 31/31
 30160 | Vaults:1 | Reached skill level 15 in Dodging
 30368 | Vaults:1 | Your ally Thorok died
 30550 | Vaults:1 | Paralysed by a formless jellyfish for 1 turns
 31327 | Vaults:1 | Found Zugina's Book Emporium.
 31494 | Vaults:2 | Reached skill level 11 in Shields
 31500 | Vaults:2 | Gained Wardok as an ally
 31553 | Vaults:2 | Found a flickering gateway to a bazaar.
 31559 | Bazaar   | Entered a bazaar
 31589 | Bazaar   | Found Woch's Assorted Antiques.
 31633 | Bazaar   | Found Leuleeth's Jewellery Boutique.
 31663 | Bazaar   | Found Nera's Assorted Antiques.
 31739 | Bazaar   | Found Gidoas's Assorted Antiques.
 31790 | Bazaar   | Bought the ring "Humayng" {rElec rN+ rCorr} for 514 gold
                  | pieces
 31877 | Bazaar   | Bought a potion of haste for 280 gold pieces
 32041 | Vaults:2 | Identified the +0 chain mail of the Twenty Wonders {Rampage
                  | Str+5 Int-4 Stlth+}
 32052 | Vaults:2 | Your ally Wardok died
 32098 | Vaults:2 | Reached skill level 12 in Shields
 32563 | Vaults:2 | Reached skill level 13 in Shields
 32689 | Vaults:2 | Reached XP level 20. HP: 192/193 MP: 32/32
 32912 | Vaults:3 | Reached skill level 14 in Shields
 33114 | Vaults:3 | Found a staircase to the Crypt.
 33244 | Vaults:3 | Reached skill level 15 in Shields
 33286 | Vaults:3 | Gained Grimold as an ally
 33286 | Vaults:3 | Your ally Grimold died
 33544 | Vaults:3 | Reached skill level 16 in Shields
 33655 | Vaults:3 | Found Dotasod's Jewellery Shop.
 33743 | Vaults:3 | Noticed Mara
 33748 | Vaults:3 | Banished Mara
 33752 | Vaults:3 | You fall into a shaft and drop 1 floor!
 34319 | Vaults:4 | Reached skill level 17 in Shields
 34601 | Vaults:4 | Reached skill level 18 in Shields
 34903 | Vaults:4 | Reached XP level 21. HP: 188/201 MP: 33/33
 35259 | Vaults:4 | Identified the +1 scale mail of the Alphagorgon {rF+ Will+
                  | Str+2 Dex+2}
 35467 | Depths:1 | Entered Level 1 of the Depths
 35557 | Depths:1 | Found a gateway to Hell.
 35643 | Depths:1 | Found a transporter.
 35739 | Depths:1 | Found a transporter.
 35751 | Depths:1 | Noticed Lucarghiu's ghost (veteran GnWn)
 35752 | Depths:1 | Noticed a dread lich
 35755 | Depths:1 | Noticed an ancient lich
 35822 | Depths:1 | You fall into a shaft and drop 1 floor!
 35822 | Depths:2 | Noticed a golden dragon
 35832 | Depths:2 | Reached skill level 19 in Shields
 36174 | Depths:1 | Found the +3 salamander hide armour {Flames, rFlCloud rF++
                  | rC--}
 36408 | Depths:1 | Reached skill level 20 in Shields
 36457 | Depths:1 | Found Goboamiu's Armour Shop.
 36466 | Depths:1 | Bought a +2 cloak of willpower for 344 gold pieces
 36639 | Depths:1 | Gained Ugbert as an ally
 36727 | Depths:2 | Your ally Ugbert died
 36883 | Depths:2 | Killed a golden dragon
 36972 | Depths:2 | Identified the +6 great sword of the Ship {freeze, rF+ rN+
                  | Stlth+}
 36989 | Depths:2 | Identified the staff of Vodka {rC++ MP+9 Str+4 Earth}
 37009 | Depths:2 | Identified the +7 battleaxe of the Tired Leylines {venom,
                  | Str+2}
 37441 | Depths:2 | Found a one-way gate leading to the halls of Pandemonium.
 37622 | Depths:2 | Found the +18 shield of the Gong {Loud rN+ Will+ rCorr
                  | EV-5}
 37676 | Depths:2 | Reached XP level 22. HP: 209/209 MP: 34/34
 37976 | Depths:3 | Noticed a golden dragon
 37992 | Depths:3 | Killed a golden dragon
 38213 | Depths:3 | Noticed a caustic shrike
 38220 | Depths:3 | Banished a caustic shrike
 38302 | Depths:3 | Noticed the Enchantress
 38312 | Depths:3 | Killed the Enchantress
 38348 | Depths:3 | Found a one-way gateway to a ziggurat.
 38547 | Depths:3 | Noticed a golden dragon
 38559 | Depths:3 | Killed a golden dragon
 38673 | Depths:3 | Noticed a golden dragon
 38684 | Depths:3 | Killed a golden dragon
 38761 | Depths:3 | Identified the +1 hand axe "Ideuw" {venom, +Blink rN+ Will+
                  | Int+3}
 38879 | Depths:3 | Noticed a caustic shrike
 38881 | Depths:3 | Banished a caustic shrike
 38909 | Depths:3 | Identified the +0 mace of Pioxif {pain, rElec}
 39178 | Depths:3 | Noticed a golden dragon
 39186 | Depths:3 | Gained Zorug as an ally
 39200 | Depths:3 | Your ally Zorug died
 39202 | Depths:3 | Killed a golden dragon
 39313 | Depths:3 | Noticed a juggernaut
 39331 | Depths:3 | Killed a juggernaut
 39502 | Depths:3 | Noticed Xtahua
 39550 | Depths:3 | Reached XP level 23. HP: 192/215 MP: 35/35
 39558 | Depths:3 | Killed Xtahua
 39688 | Depths:3 | Identified the orb of Dih Tawe {light, Str+3}
 39688 | Depths:3 | Noticed Frederick
 39697 | Depths:3 | Banished Frederick
 39789 | Depths:3 | Reached skill level 21 in Shields
 39951 | Depths:3 | Found a transporter.
 39953 | Depths:3 | Noticed a caustic shrike
 39975 | Depths:3 | Found a transporter.
 40035 | Depths:3 | Noticed Lucarghiu's ghost (veteran GnWn)
 40035 | Depths:3 | Noticed a caustic shrike
 40082 | Depths:4 | Entered Level 4 of the Depths
 40292 | Depths:4 | Noticed a golden dragon
 40316 | Depths:4 | Killed a golden dragon
 40418 | Depths:4 | Found a gate to the Realm of Zot.
 40618 | Depths:4 | Noticed a caustic shrike
 40619 | Depths:4 | Noticed a caustic shrike
 40631 | Depths:4 | Noticed a caustic shrike
 40632 | Depths:4 | Noticed a caustic shrike
 40634 | Depths:4 | Killed a caustic shrike
 40635 | Depths:4 | Reached skill level 22 in Shields
 40647 | Depths:4 | Banished a caustic shrike
 40657 | Depths:4 | Banished a caustic shrike
 40661 | Depths:4 | Killed a caustic shrike
 41351 | Vaults:5 | Entered Level 5 of the Vaults
 41587 | Vaults:4 | Reached skill level 23 in Shields
 41633 | Vaults:5 | Gained Orkwin as an ally
 41692 | Vaults:5 | Your ally Orkwin died
 41712 | Vaults:5 | Noticed a golden dragon
 41720 | Vaults:5 | Banished a golden dragon
 41924 | Vaults:5 | Reached skill level 24 in Shields
 42186 | Vaults:5 | Reached XP level 24. HP: 224/224 MP: 35/35
 42321 | Vaults:5 | Found Riaracwuu's Antique Weapon Shoppe.
 42362 | Vaults:5 | Noticed Mennas
 42375 | Vaults:5 | Noticed a dread lich
 42500 | Vaults:4 | Killed a dread lich
 42543 | Vaults:4 | Reached skill level 25 in Shields
 42663 | Vaults:5 | Killed Mennas
 42708 | Vaults:5 | Got a silver rune of Zot
 42892 | Vaults:5 | Noticed Boris
 42900 | Vaults:5 | Found Yfeit's Magic Scroll Shoppe.
 42911 | Vaults:5 | Killed Boris
 42944 | Vaults:5 | Bought a scroll of enchant weapon for 112 gold pieces
 42944 | Vaults:5 | Bought a scroll of fog for 60 gold pieces
 43027 | Vaults:5 | Found Ydazag's Distillery.
 43035 | Vaults:5 | Bought a potion of mutation for 120 gold pieces
 43035 | Vaults:5 | Bought a potion of magic for 120 gold pieces
 43043 | Vaults:5 | Found Puengid's Jewellery Emporium.
 43345 | Vaults:5 | Found Enwoih's Book Shoppe.
 43368 | Vaults:5 | Found Masisy's Magic Scroll Shop.
 43372 | Vaults:5 | Bought a scroll of revelation for 90 gold pieces
 43372 | Vaults:5 | Bought a scroll of teleportation for 36 gold pieces
 43372 | Vaults:5 | Bought a scroll of teleportation for 36 gold pieces
 43372 | Vaults:5 | Bought a scroll of teleportation for 36 gold pieces
 43709 | Zot:1    | Entered Level 1 of the Realm of Zot
 43812 | Depths:4 | Reached skill level 26 in Shields
 44357 | Depths:4 | Gained Judas as an ally
 44357 | Depths:4 | Your ally Judas died
 44375 | Depths:4 | Gained mutation: You sometimes lose your temper in combat.
                  | [mutagenic glow]
 44444 | Depths:4 | Lost mutation: You expend magic power (3 MP) to strengthen
                  | your wands. [potion of mutation]
 44444 | Depths:4 | Lost mutation: You are strong-willed. (Will+) [potion of
                  | mutation]
 44444 | Depths:4 | Lost mutation: You sometimes lose your temper in combat.
                  | [potion of mutation]
 44444 | Depths:4 | Gained mutation: You are agile. (Dex +4, Str/Int -1)
                  | [potion of mutation]
 44444 | Depths:4 | Lost mutation: You are agile. (Dex +4, Str/Int -1) [potion
                  | of mutation]
 44444 | Depths:4 | Gained mutation: You are vulnerable to heat. (rF-) [potion
                  | of mutation]
 44444 | Depths:4 | Gained mutation: You have a pair of small antennae on your
                  | head. [potion of mutation]
 44445 | Depths:4 | Lost mutation: You are vulnerable to heat. (rF-) [potion of
                  | mutation]
 44445 | Depths:4 | Lost mutation: You have a pair of small antennae on your
                  | head. [potion of mutation]
 44445 | Depths:4 | Gained mutation: You are robust. (+10% HP) [potion of
                  | mutation]
 44445 | Depths:4 | Gained mutation: You are vulnerable to cold. (rC-) [potion
                  | of mutation]
 44446 | Depths:4 | Lost mutation: You are robust. (+10% HP) [potion of
                  | mutation]
 44446 | Depths:4 | Lost mutation: You are vulnerable to cold. (rC-) [potion of
                  | mutation]
 44446 | Depths:4 | Gained mutation: You have hidden genetic potential. [potion
                  | of mutation]
 44446 | Depths:4 | Gained mutation: Your mind is acute. (Int +4, Str/Dex -1)
                  | [potion of mutation]
 44625 | Zot:1    | Reached skill level 27 in Shields
 44762 | Zot:1    | Gained Bogric as an ally
 44837 | Zot:1    | Noticed an orb of fire
 44839 | Zot:1    | Your ally Bogric died
 44852 | Zot:1    | Killed an orb of fire
 44853 | Zot:1    | Reached XP level 25. HP: 148/231 MP: 26/35
 45451 | Zot:2    | You fall into a shaft and drop 1 floor!
 45460 | Zot:3    | Found a snail-covered altar of Cheibriados.
 46526 | Zot:3    | Found a snail-covered altar of Cheibriados.
 47036 | Zot:3    | Identified the ring "Kerhohaf" {Ice Stlth+}
 47036 | Zot:3    | Noticed Josephina
 47045 | Zot:3    | Banished Josephina
 47266 | Zot:4    | Noticed a Killer Klown
 47280 | Zot:4    | Killed a Killer Klown
 47949 | Zot:4    | Gained mutation: You have great hidden genetic potential.
                  | [hidden potential]
 48338 | Zot:5    | Entered Level 5 of the Realm of Zot
 48658 | Zot:5    | Gained Orbeogh as an ally
 48665 | Zot:5    | Your ally Orbeogh died
 48686 | Zot:5    | Reached XP level 26. HP: 187/244 MP: 38/38
 49092 | Zot:5    | Noticed an orb of fire
 49095 | Zot:5    | Noticed an orb of fire
 49096 | Zot:5    | Noticed an orb of fire
 49096 | Zot:5    | Lost mutation: Your mind is acute. (Int +4, Str/Dex -1) [an
                  | orb of fire]
 49097 | Zot:5    | Noticed an orb of fire
 49097 | Zot:5    | Noticed an orb of fire
 49099 | Zot:5    | Noticed a dread lich
 49102 | Zot:5    | Gained mutation: Your body sometimes deteriorates upon
                  | taking damage. [an orb of fire]
 49103 | Zot:5    | Noticed an orb of fire
 49104 | Zot:5    | Killed an orb of fire
 49104 | Zot:5    | Noticed an orb of fire
 49104 | Zot:5    | Gained mutation: You occasionally lose the ability to drink
                  | potions when taking damage. [an orb of fire]
 49110 | Zot:5    | Noticed an orb of fire
 49358 | Zot:4    | Gained mutation: You are clumsy. (Dex -2) [an orb of fire]
 49363 | Zot:4    | Gained mutation: Your spells are a little easier to cast,
                  | but a little less powerful. [an orb of fire]
 49368 | Zot:4    | Gained mutation: You are very clumsy. (Dex -4) [an orb of
                  | fire]
 49376 | Zot:4    | Killed an orb of fire
 49381 | Zot:4    | Gained mutation: You passively dampen the noise of your
                  | surroundings. [an orb of fire]
 49381 | Zot:4    | Gained mutation: Potions are less effective at restoring
                  | your health. [an orb of fire]
 49382 | Zot:4    | Killed an orb of fire
 49471 | Zot:4    | Lost mutation: Potions are less effective at restoring your
                  | health. [potion of mutation]
 49471 | Zot:4    | Lost mutation: Your body sometimes deteriorates upon taking
                  | damage. [potion of mutation]
 49471 | Zot:4    | Gained mutation: You have a pair of small horns on your
                  | head. [potion of mutation]
 49472 | Zot:4    | Lost mutation: You occasionally lose the ability to drink
                  | potions when taking damage. [potion of mutation]
 49472 | Zot:4    | Lost mutation: You passively dampen the noise of your
                  | surroundings. [potion of mutation]
 49472 | Zot:4    | Gained mutation: You are vulnerable to heat. (rF-) [potion
                  | of mutation]
 49472 | Zot:4    | Gained mutation: You are partially covered in large bone
                  | plates. (SH +4) [potion of mutation]
 49472 | Zot:4    | Gained mutation: You have a somewhat thin skeletal
                  | structure. (Dex +2, Stealth+) [potion of mutation]
 49473 | Zot:4    | Lost mutation: You have a somewhat thin skeletal structure.
                  | (Dex +2, Stealth+) [potion of mutation]
 49473 | Zot:4    | Lost mutation: You are vulnerable to heat. (rF-) [potion of
                  | mutation]
 49473 | Zot:4    | Gained mutation: You are weak. (Str -2) [potion of
                  | mutation]
 49508 | Zot:4    | Paralysed by a dread lich for 5 turns
 49517 | Zot:4    | Paralysed by something for 4 turns
 49519 | Zot:4    | HP: 11/248 [orb of fire/fireball (21)]
 49519 | Zot:4    | Gained mutation: Your magical capacity is low. (-10% MP)
                  | [an orb of fire]
 49520 | Zot:4    | Killed from afar by an orb of fire

Illustrated notes

Levels and vault maps discovered:
D:1:      heliophobic_arrival_battle_scene, layout_rooms
D:2:      layout_loops_ring
D:3:      kennysheep_big_flooded_room, layout_rooms, serial_rivers,
          chequers_serial_rivers_room_a, chequers_serial_rivers_marsh,
          chequers_serial_rivers_micro_e, chequers_serial_rivers_marsh,
          chequers_serial_rivers_micro_d
D:4:      minmay_chambers_of_twos, layout_loops_corners,
          minmay_misc_feat_encased, chequers_mini_garden, uniq_eustachio
D:5:      lemuel_insect_pit, layout_basic, kennysheep_generic_room_9,
          uniq_blork_the_orc
D:6:      layout_layer_cave, nicolae_uskayaw_murder_on_the_dancefloor,
          serial_shops, nicolae_shop_back_alley_shop
D:7:      layout_basic, mainiacjoe_overflow_paths,
          nicolae_elyvilon_peaceful_grove, gammafunk_temple_overflow_statue,
          minmay_temple_entry_ruins, minmay_a_box_with_orc_wizards_in_it
D:8:      layout_cave_pools, grunt_dithmenos_shadows, minmay_lair_entry_grove,
          nicolae_ea-nasir_strikes_again, uniq_maurice
D:9:      layout_basic, amethyst_overflow_temple_binary, minmay_variable_closet
D:10:     layout_layer_cave, pf_just_have_faith,
          mainiacjoe_overflow_concentric_impassable, david_orc_4,
          kennysheep_windowed_goal
D:11:     layout_loops_corners, serial_shops, shop_fountains, uniq_nergalle
D:12:     layout_irregular_city, nicolae_guarded_unrand_slippers
D:13:     layout_basic, serial_corexii_hall, corexii_hall_statues_x,
          corexii_hall_statues_l, chequers_hall_statues_wall_a
D:14:     layout_long_grid, grunt_vaults_entry_tiered, minmay_misc_feat_square,
          minmay_misc_feat_enclosed
D:15:     hangedman_crystal_crosses_colossus [crystal_crosses_arms_four,
          crystal_crosses_arms_two, crystal_crosses_arms_one], serial_shops,
          uniq_nessos, uniq_agnes
Lair:1:   layout_chaotic_city, infiniplex_staircase_pool, grunt_megastairs_4
Lair:2:   layout_cave_pods, skrybe_swamp_entry_bodies,
          infiniplex_staircase_pool_2, serial_bayou_shore_b
Lair:3:   layout_roguey, minmay_snake_entry_guardpost_medium, basic_altar
Lair:4:   layout_gridlike, lemuel_fruit_fields
Lair:5:   hellmonk_lair_end_abyssal_woods, layout_regular_city,
          nicolae_slime_entry_field_trip
Swamp:1:  layout_basic_swamp, evilmike_swamp_ruin_house_2
Swamp:2:  layout_basic_swamp, nicolae_swamp_ascending_descending_big
Swamp:3:  layout_basic_swamp, serial_swamp_ruin, evilmike_swamp_ruin_house_6,
          evilmike_swamp_ruin_house_4, evilmike_swamp_ruin_rubble_2,
          nicolae_swamp_decorative_isthmus
Swamp:4:  swamp_old_school, layout_basic_swamp, nicolae_swamp_long_stream
Snake:1:  layout_cave_shapes, ebering_ghost_gozag, drop_trap,
          serial_bayou_ford_a, minmay_shoptagon
Snake:2:  layout_onion, grunt_ministairs_6, nicolae_snake_gridmaze_squiggle
Snake:3:  layout_chambers, hangedman_snake_wide_pillar_pass, drop_trap
Snake:4:  grunt_snake_rune_serpentine_throne, layout_concentric_octagons,
          minmay_shop_star
Orc:1:    layout_caves
Orc:2:    st_orc_ogre_mass, layout_diamond_mine, hellmonk_ghost_happy_afterlife,
          nicolae_volcano_entry_batcave
Vaults:1: nicolae_vaults_murderbox, nicolae_vaults_gold_heap,
          nicolae_vaults_big_ls, v_misc_19, nicolae_vaults_trapezoid_2,
          vaults_dpeg_doors, ontoclasm_vaults_tryst,
          nicolae_vaults_frosty_reception, nicolae_vaults_tetromino_T_1,
          vaults_mumra_hex, nicolae_vaults_closet_pinwheel_4,
          vaults_dpeg_emergency_exit, v_misc_18, layout_vaults_omnicross,
          serial_shops, nicolae_book_shop_shelving
Vaults:2: hangedman_vaults_capsules, nicolae_vaults_border_crossing,
          nicolae_vaults_network_barrier, v_alt_pattern_3,
          nicolae_vaults_sightless_eye, vaults_dpeg_hooks,
          ontoclasm_vaults_fault, nicolae_vaults_trapezoid_lopsided_3,
          layout_vaults_maze_snakey, serial_shops, bzr_entry_safe
Vaults:3: infiniplex_enter_wizlab_glasses, minmay_crypt_entry_simple_sparse,
          v_misc_30, vaults_room_pools, nicolae_vaults_diamond_1,
          grunt_vaults_funnel, nicolae_vaults_closet_pinwheel_6,
          nicolae_vaults_six-pack, dpeg_vaults_monster_box,
          nicolae_vaults_surprise_closet, nicolae_vaults_security_offices_1,
          layout_vaults_omnigrid, serial_shops, shop, uniq_mara
Vaults:4: nicolae_vaults_ninety_degrees, vaults_room_large_hall,
          nicolae_vaults_trapezoid_3, v_misc_5, v_alt_pattern_2,
          nicolae_vaults_wrenched, nicolae_vaults_tetromino_L_1,
          nicolae_vaults_wine_cellar, nicolae_vaults_heart-shaped_vault,
          nicolae_vaults_statue_guard, layout_vaults_ring
Vaults:5: uniq_mennas, uniq_boris
Depths:1: layout_long_grid, serial_shops, shop_fountains,
          gammafunk_ghost_abyssal_escape, lightli_too_deep,
          hellmonk_guarded_unrand_salamander
Depths:2: minmay_the_grid_octo_tiled_squarecenter
          [minmay_the_grid_octo_thin_diamonds, minmay_the_grid_octo_checkered,
          minmay_the_grid_octo_fat_diamond, minmay_the_grid_octo_77,
          minmay_the_grid_square_5x5_megaprize_diamond,
          minmay_the_grid_square_5x5_doubleslash,
          minmay_the_grid_square_5x5_inner_i,
          minmay_the_grid_square_5x5_hollow_slash,
          minmay_the_grid_square_5x5_inner_v], layout_basic,
          rand_demon_pan_entry_8, hell_entry, serial_rivers,
          chequers_serial_rivers_small_a, chequers_serial_rivers_micro_a,
          chequers_serial_rivers_small_3, chequers_serial_rivers_small_b,
          chequers_serial_rivers_small_b, nicolae_tricolors
Depths:3: hangedman_box_tower, layout_basic, enter_ziggurat_a,
          gammafunk_ghost_berserking_beasts, hell_entry, abyss_entry,
          infiniplex_staircase_zigzag_3, uniq_frederick, uniq_enchantress,
          uniq_xtahua
Depths:4: grunt_crosshair, layout_cave_pools, grunt_hell_entry_dis_grunt,
          hangedman_abyss_entry_splay
Zot:1:    lemuel_firehouse, layout_onion_interference,
          regret_index_zotdec_under_construction
Zot:2:    layout_gridville
Zot:3:    layout_cathedral_of_symmetry, regret_index_zotdec_serpentine_coiled,
          grunt_ministairs_15, zot_minivault_1, uniq_josephina
Zot:4:    layout_misc_corridors, lemuel_elevator
Zot:5:    layout_gridlike

Skill      XL: |  1  2  3  4  5  6  7  8  9 10 11 12 13 14 15 16 17 18 19 20 21 22 23 24 25 26 |
---------------+-------------------------------------------------------------------------------+-----
Axes           | 3 4 5 6 8 10 11 14 16 17 18 | 18.0
Dodging        | 3 6 8 10 12 14 16 | 16.0
Armour         | 5 8 10 13 16 18 22 | 22.0
Invocations    | 9 12 16 22 | 22.0
Fighting       | 8 14 18 20 21 22 | 22.7
Shields        | 7 10 13 18 20 24 27 | 27.0

Action                     |  1- 3 |  4- 6 |  7- 9 | 10-12 | 13-15 | 16-18 | 19-21 | 22-24 | 25-27 || total
---------------------------+-------+-------+-------+-------+-------+-------+-------+-------+-------++-------
  Melee: War axe           |    90 |   159 |   372 |   103 |       |       |       |       |       ||   724
         Broad axe         |       |       |       |   419 |   841 |  1102 |  1399 |  1555 |   852 ||  6168
         Headbutt          |       |       |       |       |       |       |       |       |     2 ||     2
 Invoke: Convert to Beogh  |       |       |     1 |       |       |       |       |       |       ||     1
         Smiting           |       |       |       |       |    13 |     9 |       |    13 |    13 ||    48
         Recall Orcish Fol |       |       |       |       |     2 |     1 |       |     5 |       ||     8
         Give Item to Name |       |       |       |       |     1 |     1 |       |       |       ||     2
         Resurrection      |       |       |       |       |       |     1 |       |       |       ||     1
  Evoke: Wand              |     1 |     1 |     2 |     3 |       |       |       |       |       ||     7
    Use: Scroll            |     6 |     2 |     6 |     6 |     7 |    11 |     5 |     6 |    11 ||    60
         Potion            |       |       |     4 |     1 |     1 |     7 |       |     6 |     8 ||    27
   Stab: Distracted        |       |       |       |       |     2 |     6 |     7 |     7 |     1 ||    23
         Petrified         |       |       |       |       |       |     1 |       |       |       ||     1
         Invisible         |       |       |       |       |       |     1 |       |       |     7 ||     8
         Sleeping          |       |       |       |       |       |     1 |       |       |       ||     1
 Armour: Scale mail        |     8 |       |   158 |   220 |   310 |   249 |       |       |       ||   945
         Plate armour      |    85 |   132 |   121 |       |       |       |       |       |       ||   338
         Swamp dragon scal |       |       |       |       |       |   231 |       |       |       ||   231
         Gold dragon scale |       |       |       |       |       |    79 |   486 |   766 |   464 ||  1795
  Dodge: Dodged            |    40 |    41 |    84 |   204 |   281 |   670 |   300 |   442 |   259 ||  2321
  Block: Buckler           |    19 |    28 |    37 |       |       |       |       |       |       ||    84
         Kite shield       |       |       |    99 |   248 |   618 |   964 |       |       |   115 ||  2044
         Reflection        |       |       |       |       |    15 |   120 |    74 |    39 |     7 ||   255
         Tower shield      |       |       |       |       |       |   132 |  1543 |  1697 |   839 ||  4211

Table legend: (Time is in decaauts)
 A = Elapsed time spent in this place.
 B = Non-inter-level travel time spent in this place.
 C = Inter-level travel time spent in this place.
 D = Time resting spent in this place.
 E = Time spent auto-exploring this place.
 F = Levels seen in this place.
 G = Mean time per level.
                   A        B        C        D        E       F      G
               +--------+--------+--------+--------+--------+-----+--------+
         Total |  48331 |  44315 |   4016 |   4893 |  24488 |  47 | 1028.3 |
       Dungeon |  14532 |  13144 |   1388 |    719 |   9220 |  15 |  968.8 |
          Lair |   5728 |   4866 |    862 |    372 |   3257 |   5 | 1145.6 |
         Swamp |   3611 |   3437 |    174 |    863 |   1136 |   4 |  902.8 |
     Snake Pit |   4199 |   3794 |    405 |    245 |   2346 |   4 | 1049.8 |
  Orcish Mines |    869 |    843 |     26 |     32 |    433 |   2 |  434.5 |
        Vaults |   7412 |   6776 |    636 |    672 |   3511 |   5 | 1482.4 |
        Depths |   6008 |   5597 |    411 |    837 |   2626 |   4 | 1502.0 |
           Zot |   4991 |   4880 |    111 |   1083 |   1767 |   5 |  998.2 |
         Abyss |    273 |    273 |      0 |     16 |     10 |   1 |  273.0 |
        Bazaar |    375 |    375 |      0 |      0 |    182 |   1 |  375.0 |
       Volcano |    328 |    328 |      0 |     52 |      0 |   1 |  328.0 |
               +--------+--------+--------+--------+--------+-----+--------+

Top non-repeatable levels by time:
Depths:3: 2142 daAuts
  Lair:5: 1762 daAuts
Vaults:1: 1729 daAuts
Vaults:3: 1601 daAuts
Vaults:5: 1592 daAuts
    D:10: 1556 daAuts
Vaults:4: 1520 daAuts
 Snake:4: 1508 daAuts
Depths:2: 1419 daAuts
Depths:4: 1391 daAuts
     D:6: 1330 daAuts
   Zot:4: 1303 daAuts
   Zot:3: 1294 daAuts
  Lair:3: 1215 daAuts
    D:14: 1206 daAuts
